 Dungeon Crawl Stone Soup version 0.32-a0-18-g89e19f1974 (webtiles) character file.

Game seed: 7950799301315558108

1773 cforsyth the Trooper (level 9, -6/88 (93) HPs)
             Began as an Oni Shapeshifter on Jan 17, 2024.
             Mangled by a wight
             ... wielding a +4 scimitar
              (13 damage)
             ... on level 6 of the Dungeon.
             The game lasted 00:05:04 (4684 turns).

cforsyth the Trooper (Oni Shapeshifter)             Turns: 4684, Time: 00:05:05

HP:   -6/88 (93)    AC:  3    Str: 22    XL:     9   Next: 7%
MP:   9/9           EV: 10    Int: 13    God:
Gold: 368           SH:  5    Dex:  8    Spells: 8/8 levels left

rFire   . .          .
                       - Unarmed
rCold   . . .        (no shield)
rNeg    . . .        a - +0 animal skin
rPois   .            (helmet currently unavailable)
rElec   .            (cloak currently unavailable)
rCorr   .            (gloves unavailable)
SInv    .            (boots unavailable)
Will    .....        k - amulet of reflection
Stlth   +            (no ring)
HPRegen 0.34/turn    (no ring)
MPRegen 0.11/turn

%: reflection
@: beast-form, drained
A: beast (slay +3), large, unfitting armour, horns 1, tough skin 1, double
potion healing, drunken brawling
a: Begin Untransformation


You were on level 6 of the Dungeon.
You were a hulking beast.
You visited 1 branch of the dungeon, and saw 6 of its levels.

You collected 368 gold pieces.

Inventory:

Armour
 a - a +0 animal skin (worn)
Jewellery
 k - an amulet of reflection (around neck)
 p - an amulet of regeneration
Talismans
 c - a beast talisman
 d - a flux talisman
Wands
 n - a wand of digging (4)
Scrolls
 e - a scroll of enchant weapon
 g - a scroll of blinking {unknown}
 i - a scroll of vulnerability {unknown}
 j - a scroll of teleportation
 o - a scroll of silence {unknown}
 q - a scroll of brand weapon {unknown}
 s - a scroll of butterflies
Potions
 b - 2 potions of lignification
 f - 2 potions of curing
 h - a potion of heal wounds
 l - a potion of enlightenment
 m - 2 potions of brilliance
 r - a potion of haste


   Skills:
 + Level 7.5 Fighting
 + Level 5.4 Dodging
 + Level 5.8 Unarmed Combat
 + Level 6.0 Shapeshifting


You had 8 spell levels left.
You didn't know any spells.
Your spell library contained the following spells:

 Spells                   Type           Power      Damage    Failure   Level
 Apportation              Tloc           0%         N/A       30%         1
 Magic Dart               Conj           0%         1d3       30%         1
 Blink                    Tloc           0%         N/A       43%         2
 Call Imp                 Summ           0%         N/A       43%         2
 Jinxbite                 Hex            0%         N/A       43%         2
 Searing Ray              Conj           0%         2d4       43%         2
 Fulminant Prism          Conj/Alch      0%         3d5       97%         4
 Vhi's Electric Charge    Tloc/Air       0%         N/A       97%         4
 Alistair's Intoxication  Alch           0%         N/A       100%        5
 Arcjolt                  Conj/Air       0%         1d10      100%        5
 Plasma Beam              Fire/Air       0%         2x1d10    100%        6


Dungeon Overview and Level Annotations

Branches:
Dungeon (6/15)
 Temple: D:4-7

Altars:
Wu Jian

Shops:
D:3 [   D:6 [


Innate Abilities, Weirdness & Mutations

You are a hulking beast.
Your limbs bulge with bestial killing power. (Slay +3)
You are too large for most types of armour.
You have a pair of small horns on your head.
You have tough skin. (AC +1)
You gain doubled healing and magic from potions.
Whenever you drink a healing potion, you attack all around you.


Message History

Things that are here:
a +0 mace; a +0 robe You hit the wight.
Your headbutt misses the wight. You punch the wight, but do no damage.
The wight is moderately damaged.
The wight hits you with a +4 scimitar!
You feel drained. The wight hits you with a +0 hand axe.
You feel drained.
You hit the wight.
The wight is moderately damaged.
The wight barely misses you. You block the wight's attack.
You barely miss the wight.
The wight is moderately damaged.
The wight barely misses you. The wight hits you with a +0 hand axe.
You hit the wight.
The wight is heavily damaged.
The wight hits you with a +4 scimitar!
You feel drained. The wight hits you with a +0 hand axe!
You closely miss the wight.
The wight is heavily damaged.
The wight hits you with a +4 scimitar. The wight hits you with a +0 hand axe!
You feel drained.
You are too injured to fight recklessly!
You are too injured to fight recklessly!
You are too injured to fight recklessly!
You are too injured to fight recklessly!
You are too injured to fight recklessly!
You are too injured to fight recklessly!
You are too injured to fight recklessly!
You hit the wight.
The wight is severely damaged.
The wight hits you with a +4 scimitar!!
* * * LOW HITPOINT WARNING * * *
You block the wight's attack.
You punch the wight!
You destroy the wight!
The wight hits you with a +4 scimitar!
* * * LOW HITPOINT WARNING * * *
Your Shapeshifting skill increases to level 6!
The wight hits you with a +4 scimitar!
You die...

...#............#
####....####.
########.####.###
#..#.# #. #....#.#
#.)#.# #. ####.#.#
##.#.####.
###########.#..
#........
.........##.######
#.#..####
.................#
#....#
.#######.#.#####.###.#
###..## .#
#.).#...#####h....#
#...#
.###.#.######.>)z....#
#.#z# .....#)#
####'######.# #.#.#
######'###.....# #
#.#.###
#..............#
#.#.z.z
#..............#
#.####z
#..............# #.#
## #......<..###+##
..# # #.........# ###


You could see a wight.

Vanquished Creatures
  Sigmund (D:2)
  2 black bears
  An ogre (D:5)
  2 centaurs
  A phantom (D:5)
  3 scorpions
  A bullfrog (D:6)
  5 wights (D:6)
  4 bombardier beetles
  A sleepcap (D:5)
  A hound (D:5)
  3 jellies
  Natasha (twice) (D:3)
  An orc wizard (D:5)
  6 gnolls
  7 adders
  2 ufetubi (D:5)
  A dart slug (D:1)
  A ribbon worm (D:4)
  4 orcs
  2 bats (D:3)
  6 endoplasms
  6 giant cockroaches
  7 goblins
  10 hobgoblins
  8 kobolds
  4 quokkas
  10 ball pythons
  6 frilled lizards
  9 rats
117 creatures vanquished.

Vanquished Creatures (others)
  A bombardier beetle (D:5)
1 creature vanquished.

Grand Total: 118 creatures vanquished

Notes
Turn   | Place    | Note
-------+----------+-------------------------------------------
     0 | D:1      | cforsyth the Oni Shapeshifter began the quest for the Orb.
     0 | D:1      | Reached XP level 1. HP: 19/19 MP: 1/1
    97 | D:1      | Reached XP level 2. HP: 28/28 MP: 2/2
   181 | D:1      | Reached skill level 2 in Fighting
   422 | D:1      | Reached XP level 3. HP: 35/35 MP: 3/3
   637 | D:2      | Noticed Sigmund
   649 | D:2      | Killed Sigmund
   650 | D:2      | Reached skill level 3 in Fighting
   650 | D:2      | Reached XP level 4. HP: 25/46 MP: 4/4
   650 | D:2      | Reached XP level 5. HP: 29/53 MP: 5/5
   925 | D:2      | Reached XP level 6. HP: 62/62 MP: 6/6
  1156 | D:2      | Reached skill level 4 in Fighting
  1285 | D:3      | Noticed Natasha
  1295 | D:3      | Killed Natasha
  1451 | D:3      | Found Hufet's Antique Armour Shoppe.
  1465 | D:3      | Noticed Natasha
  1483 | D:3      | Killed Natasha
  2057 | D:4      | Noticed a black bear
  2075 | D:4      | Killed a black bear
  2076 | D:4      | Reached XP level 7. HP: 40/71 MP: 7/7
  2268 | D:4      | Reached skill level 5 in Fighting
  2417 | D:4      | Found an ornate altar of the Wu Jian Council.
  2974 | D:5      | Entered Level 5 of the Dungeon
  3271 | D:5      | Reached XP level 8. HP: 68/83 MP: 8/8
  3386 | D:5      | Reached skill level 5 in Shapeshifting
  3416 | D:5      | Reached skill level 6 in Fighting
  3416 | D:5      | Reached skill level 5 in Unarmed Combat
  4213 | D:6      | Reached skill level 5 in Dodging
  4250 | D:6      | Found Jeriweat's Antique Armour Boutique.
  4317 | D:6      | Reached skill level 7 in Fighting
  4382 | D:6      | Identified the +1 morningstar of Resourcefulness {freeze,
                  | Fly Will+++ Int-2}
  4581 | D:6      | Reached XP level 9. HP: 65/93 MP: 9/9
  4684 | D:6      | Mangled by a wight

Illustrated notes

Levels and vault maps discovered:
D:1:      dreamdust_arrival_beginning_and_end, layout_basic
D:2:      layout_basic, uniq_sigmund
D:3:      layout_rooms, serial_shops, shop, uniq_natasha
D:4:      layout_loops_ring, mainiacjoe_overflow_alcove_1
D:5:      layout_gridville
D:6:      layout_basic, serial_shops, shop

Skill      XL: |  1  2  3  4  5  6  7  8  9 |
---------------+----------------------------+-----
Dodging        | 2 3 4 5 |  5.4
Fighting       | 2 3 4 5 7 |  7.5
Unarmed Combat | 3 4 5 |  5.8
Shapeshifting  | 4 5 6 |  6.0

Action                     |  1- 3 |  4- 6 |  7- 9 || total
---------------------------+-------+-------+-------++-------
  Melee: Unarmed           |    62 |   138 |   173 ||   373
         Headbutt          |     8 |    20 |    42 ||    70
         Punch             |       |     2 |     9 ||    11
    Use: Scroll            |       |       |     8 ||     8
 Armour: Animal skin       |    24 |    84 |    92 ||   200
  Dodge: Dodged            |    29 |    58 |    71 ||   158
  Block: Other             |       |    14 |    34 ||    48
         Reflection        |       |       |     3 ||     3

Table legend: (Time is in decaauts)
 A = Elapsed time spent in this place.
 B = Non-inter-level travel time spent in this place.
 C = Inter-level travel time spent in this place.
 D = Time resting spent in this place.
 E = Time spent auto-exploring this place.
 F = Levels seen in this place.
 G = Mean time per level.
                   A        B        C        D        E       F      G
               +--------+--------+--------+--------+--------+-----+--------+
         Total |   4672 |   4521 |    151 |     94 |   3598 |   6 |  778.7 |
       Dungeon |   4672 |   4521 |    151 |     94 |   3598 |   6 |  778.7 |
               +--------+--------+--------+--------+--------+-----+--------+

Top non-repeatable levels by time:
     D:4: 1055 daAuts
     D:5: 1031 daAuts
     D:3: 687 daAuts
     D:6: 667 daAuts
     D:1: 634 daAuts
     D:2: 596 daAuts
